 Dungeon Crawl Stone Soup version 0.25-a0-663-gace7076 (webtiles) character file.

Game seed: 7608896900115434914, levelgen mode: deterministic

702 MrTaco21 the Basher (level 7, -2/41 HPs)
             Began as a Gargoyle Fighter on Mar 24, 2020.
             Killed by divine providence
             ... invoked by an orc priest
              (17 damage)
             ... on level 4 of the Dungeon.
             The game lasted 00:05:06 (3307 turns).

MrTaco21 the Basher (Gargoyle Fighter)              Turns: 3307, Time: 00:05:06

Health: -2/41      AC: 12    Str: 21    XL:     7   Next: 66%
Magic:  7/7        EV:  7    Int: 12    God:
Gold:   111        SH:  9    Dex:  9    Spells: 6/6 levels left

rFire    . . .     SeeInvis .   a - +0 flail
rCold    . . .     Gourm    .   c - +0 kite shield
rNeg     + . .     Faith    .   b - +0 scale mail
rPois    ∞         Spirit   .   n - +0 helmet
rElec    +         Reflect  .   r - scarf {repulsion}
rCorr    .         Harm     .   (no gloves)
MR       .....                  (no boots)
Stlth    ..........             (no amulet)
HPRegen  0.13/turn              u - +3 ring of intelligence
MPRegen  0.10/turn              (no ring)

@: repel missiles
A: negative energy resistance 1, electricity resistance, unbreathing,
petrification resistance, rot immunity, AC +4
a: no special abilities


You were on level 4 of the Dungeon.
You were not hungry.

You visited 1 branch of the dungeon, and saw 4 of its levels.

You collected 111 gold pieces.

Inventory:

Hand Weapons
 a - a +0 flail (weapon)
Missiles
 g - 16 poisoned darts (quivered)
 x - 2 throwing nets {!f}
Armour
 b - a +0 scale mail (worn)
 c - a +0 kite shield (worn)
 n - a +0 helmet (worn)
   (You found it on level 1 of the Dungeon)
 r - a scarf of repulsion (worn)
   (You found it on level 2 of the Dungeon)
Jewellery
 u - a +3 ring of intelligence (left hand)
   (You took it off a goblin on level 3 of the Dungeon)
Wands
 v - a wand of digging (3)
   (You took it off Ijyb on level 3 of the Dungeon)
Scrolls
 h - 6 scrolls of identify {unknown}
 i - a scroll of enchant weapon {unknown}
 k - a scroll of blinking {unknown}
 l - 3 scrolls of teleportation {unknown}
 m - a scroll of remove curse {unknown}
 o - 6 scrolls of magic mapping {unknown}
 p - a scroll of immolation {unknown}
 t - a scroll of amnesia {unknown}
 w - a scroll of fog {unknown}
Potions
 d - a potion of might
 j - 4 potions of flight {unknown}
 q - a potion of heal wounds {unknown}
 s - 2 potions of curing {unknown}
Comestibles
 e - 5 rations {!d}
 f - 19 chunks of flesh


   Skills:
 - Level 3.2 Fighting
 + Level 8.4 Maces & Flails
 - Level 3.2 Armour
 - Level 3.2 Shields


You had 6 spell levels left.
You didn't know any spells.
Your spell library was empty.

Dungeon Overview and Level Annotations

Branches:
Dungeon (4/15)
 Temple: D:4-7

Altars:
Elyvilon
Fedhas
Gozag
Kikubaaqudgha
Trog
Vehumet
Zin

Annotations:
D:4 exclusion: statue


Innate Abilities, Weirdness & Mutations

You are resistant to torment.
Your stone body is resilient. (AC +4)
You are immune to poison.
You resist negative energy. (rN+)
You are resistant to electric shocks. (rElec)
You can survive without breathing.
You are immune to petrification.
You are immune to rotting.


Message History

The orc hits you but does no damage.
Unknown command.
Your shield prevents you from hitting the orc.
The orc hits you but does no damage.
Your shield prevents you from hitting the orc.
Unknown command.
You completely miss the orc. You block the orc's attack.
Unknown command.
You barely miss the orc. The orc hits you but does no damage.
Unknown command.
You barely miss the orc. You block the orc's attack.
Unknown command.
You hit the orc. You block the orc's attack. x2
Unknown command.
You sock the orc!
You kill the orc!
Your shield prevents you from hitting the orc.
You block the orc's attack.
Unknown command.
Unknown command.
You barely miss the orc. You block the orc's attack.
You sock the orc!
You kill the orc!
Unknown command.
You sock the orc!
You kill the orc!
Items here: ))) [[[ ††
Okay, then.
You butcher the orc corpse.
f - 24 chunks of flesh (gained 4)
You butcher the orc corpse.
f - 28 chunks of flesh (gained 4)
Items here: ))) [[[ ÷÷ x2
Some of the chunks of flesh in your inventory have rotted away.
Found a smoky golden potion.
An ooze comes into view.
Found a polished leather armour.
An ooze is nearby!
You are too injured to fight recklessly!
Unknown command. 2 jackals, 2 orcs, an orc priest and an orc wizard come into view.
The jackal barks!
The orc priest shouts!
The orc wizard shouts!
The orc shouts!
A hound comes into view.
An orc wizard comes into view. It is wielding a +0 dagger.
The jackal moves out of view. x2
Found 9 gold pieces.
Some of the chunks of flesh in your inventory have rotted away.
The orc priest mumbles some strange prayers to Beogh against you.
Beogh smites you!
You die...

.## ..
######.#.##)# ## ..
#.).........# ..#
#.#########.# #)#.
#.# #.....o.8 #.#
###.#o.o... #.#
#...#########.#
##.#...........#
#####
####.@..###..#.#.##
.....###.J..####
#......#
.........##.#
####.###
[....#..###.# #.#
#.....o.o.# #.#
##..h.##### #.#
.....##.# #.# ####
#o....o.. #.#
####o.### #..


You could see an orc priest and an ooze.

Vanquished Creatures
  Sigmund (D:2)
  An orc warrior (D:4)
  An ogre (D:3)
  A howler monkey (D:4)
  Crazy Yiuf (D:2)
  A jelly (D:4)
  2 orc wizards (D:4)
  Ijyb (D:3)
  Natasha (D:4)
  An iguana (D:4)
  A worker ant (D:4)
  3 adders (D:2)
  An ooze (D:3)
  2 worms (D:2)
  A dart slug (D:2)
  2 leopard geckos
  10 orcs
  3 giant cockroaches
  10 goblins
  8 hobgoblins
  5 jackals
  5 kobolds
  3 quokkas
  3 bats
  4 frilled lizards
  13 rats
85 creatures vanquished.

Notes
Turn   | Place    | Note
-------+----------+-------------------------------------------
     0 | D:1      | MrTaco21 the Gargoyle Fighter began the quest for the Orb.
     0 | D:1      | Reached XP level 1. HP: 14/14 MP: 1/1
   117 | D:1      | Reached XP level 2. HP: 17/19 MP: 2/2
   163 | D:1      | Reached skill level 3 in Maces & Flails
   389 | D:1      | Reached XP level 3. HP: 23/23 MP: 3/3
   911 | D:2      | Noticed a moth of wrath
   913 | D:2      | Found a bloodstained altar of Trog.
   924 | D:2      | Reached skill level 4 in Maces & Flails
  1234 | D:2      | Noticed Sigmund
  1256 | D:2      | Killed Sigmund
  1256 | D:2      | Reached skill level 5 in Maces & Flails
  1256 | D:2      | Reached XP level 4. HP: 16/28 MP: 4/4
  1256 | D:2      | Reached XP level 5. HP: 18/32 MP: 5/5
  1473 | D:2      | Reached skill level 6 in Maces & Flails
  1756 | D:2      | Reached XP level 6. HP: 35/37 MP: 6/6
  1852 | D:2      | Found a white marble altar of Elyvilon.
  1944 | D:2      | Found a runed translucent door.
  1945 | D:2      | Noticed Crazy Yiuf
  2089 | D:2      | Killed Crazy Yiuf
  2255 | D:3      | Found an ancient bone altar of Kikubaaqudgha.
  2256 | D:3      | Found an opulent altar of Gozag.
  2260 | D:3      | Found a glowing silver altar of Zin.
  2323 | D:3      | Found a blossoming altar of Fedhas.
  2359 | D:3      | Noticed Ijyb
  2378 | D:3      | Killed Ijyb
  2620 | D:3      | Reached skill level 7 in Maces & Flails
  2867 | D:3      | Found a faded altar of an unknown god.
  3060 | D:4      | Noticed Natasha
  3065 | D:4      | Killed Natasha
  3083 | D:4      | Reached XP level 7. HP: 41/41 MP: 7/7
  3207 | D:4      | Reached skill level 8 in Maces & Flails
  3226 | D:4      | Found a radiant altar of Vehumet.
  3307 | D:4      | Killed from afar by an orc priest

Levels and vault maps discovered:
D:1:      tarquinn_simple_flora_water_a, layout_loops_ring, minmay_hexomino_f4
D:2:      layout_loops_corners, elyvilon_altar_1, tgw_trog,
          uniq_crazy_yiuf_cottage, uniq_sigmund
D:3:      layout_loops_ring, fedhas_altar_1, minitemple,
          chequers_ecumenical_altar_simple, uniq_ijyb
D:4:      layout_rooms, vehumet_statue, uniq_natasha, uniq_grinder

Skill      XL: |  1  2  3  4  5  6  7 |
---------------+----------------------+-----
Maces & Flails | 3 5 6 7 8 |  8.4
Fighting       | |  3.2
Armour         | |  3.2
Shields        | |  3.2

Action                   |  1- 3 |  4- 6 |  7- 9 || total
-------------------------+-------+-------+-------++-------
Melee: Flail             |   153 |   153 |    70 ||   376
  Eat: Chunk             |       |     7 |     1 ||     8
Armor: Scale mail        |    73 |    84 |    27 ||   184
Dodge: Dodged            |    47 |    43 |    11 ||   101
Block: Kite shield       |    80 |    56 |    26 ||   162

Table legend:
 A = Non-vault XP
 B = Vault XP
 C = Vault XP percentage of total XP
 D = Non-vault monster count
 E = Vault monster count
 F = Vault count percentage of total count
                 A         B        C        D         E       F
            +---------+---------+-------+---------+---------+-------
      Total |     653 |     350 |  34.9 |      72 |      13 |  15.3
            +---------+---------+-------+---------+---------+-------
        D:1 |      42 |       5 |  10.6 |      26 |       4 |  13.3
        D:2 |      64 |     273 |  81.0 |      15 |       7 |  31.8
        D:3 |     140 |      36 |  20.5 |      14 |       1 |   6.7
        D:4 |     407 |      36 |   8.1 |      17 |       1 |   5.6
            +---------+---------+-------+---------+---------+-------
